 Dungeon Crawl Stone Soup version 0.30.0-29-ga12c61a403 (webtiles) character file.

Game seed: 17060287493477858878

51 cheesebisquit the Grave Robber (level 3, -9/33 HPs)
             Began as a Ghoul Necromancer on June 7, 2023.
             Mangled by a gnoll
             ... wielding a +0 halberd
              (10 damage)
             ... on level 2 of the Dungeon.
             The game lasted 00:04:43 (1784 turns).

cheesebisquit the Grave Robber (Ghoul Necromancer)  Turns: 1784, Time: 00:04:44

Health: -9/33      AC:  2    Str: 11    XL:     3   Next: 83%
Magic:  1/4        EV: 12    Int: 12    God:
Gold:   36         SH:  0    Dex:  9    Spells: 4/5 levels left

rFire   . . .        g - +0 hand axe
rCold   + . .        (no shield)
rNeg    + + +        a - +0 robe
rPois   ∞            (no helmet)
rElec   .            (no cloak)
rCorr   .            (no gloves)
SInv    .            (no boots)
Will    .....        (no amulet)
Stlth   ++           (no ring)
HPRegen 0.00/turn    (no ring)
MPRegen 0.09/turn

%: no passive effects
@: very slightly contaminated, inhibited regen
A: claws 1, cold resistance 1, negative energy resistance 3, inhibited
regeneration, torment resistance 2, devour on kill
a: no special abilities


You were on level 2 of the Dungeon.
You visited 1 branch of the dungeon, and saw 2 of its levels.

You collected 36 gold pieces.

Inventory:

Hand Weapons
 g - a +0 hand axe (weapon)
Missiles
 i - 4 poisoned darts
Armour
 a - a +0 robe (worn)
Scrolls
 d - a scroll of enchant armour
 f - a scroll of brand weapon {unknown}
Potions
 e - a potion of degeneration {unknown}
 h - a potion of curing {unknown}
 j - a potion of haste {unknown}
 k - a potion of heal wounds {unknown}


   Skills:
 + Level 3.6 Fighting
 - Level 1.7 Dodging
 - Level 2.1 Stealth
 - Level 1.7 Spellcasting
 - Level 4.0 Necromancy


You had 4 spell levels left.
You knew the following spells:

 Your Spells              Type           Power      Damage    Failure   Level
a - Necrotise             Necr           40%        1d6       5%          1

Your spell library contained the following spells:

 Spells                   Type           Power      Damage    Failure   Level
 Vampiric Draining        Necr           10%        2d6       16%         3
 Animate Dead             Necr           10%        N/A       47%         4
 Agony                    Necr           10%        N/A       83%         5


Dungeon Overview and Level Annotations

Branches:
Dungeon (2/15)

Altars:

Annotations:
D:2 Terence


Innate Abilities, Weirdness & Mutations

You are immune to poison.
You have sharp fingernails.
Your flesh is cold resistant. (rC+)
You are immune to negative energy. (rN+++)
You do not regenerate when monsters are visible.
You are immune to unholy pain and torment.
You thrive by killing the living.


Message History

The slug dart misses you.
You hit the dart slug.
You kill the dart slug!
You start resting.
Your magical contamination has completely faded away.
HP restored.
Magic restored.
Terence the Incautious comes into view.
He is wielding a +0 flail.
Found a book of Spectacle.
Press: ? - help, v - describe, . - travel
Here: Terence, wielding a +0 flail and wearing a +0 scale mail The floor.
Unknown command.
Unknown command.
Okay, then.
Okay, then.
A gnoll comes into view. It is wielding a +0 halberd.
The gnoll shouts!
You hear a shout! x3
Terence writhes in agony.
You miscast Necrotise.
You are very lightly contaminated with residual magic.
Nothing appears to happen.
Terence hits you with a +0 flail. Terence attacks as you move away!
Terence hits you with a +0 flail.
You miscast Necrotise.
Nothing appears to happen.
Terence says, "You're history."
Terence hits you with a +0 flail.
The air fills with toxic fumes!
As you read the scroll labelled HUORCH HEGOESCH, it crumbles to dust.
It was a scroll of poison.
Terence shouts, "Get ready for death!"
Terence barely misses you.
The gnoll hits you from afar with a +0 halberd!
* * * LOW HITPOINT WARNING * * *
As you read the scroll labelled JYATRU GEONUNE, it crumbles to dust.
It is a scroll of identify.
d - a scroll of enchant armour Terence hits you with a +0 flail.
* * * LOW HITPOINT WARNING * * *
The gnoll hits you from afar with a +0 halberd!
You die...

...... #..##
#.....##)......#
###.#. ##.##
####...........#
#..###..#
#..###.......#
#....@##### #.##
#########
##...†.@..# #g#
##.#####.####.#
... #...@..#####
....
§#########§§§§§#
##...
§§§§§§§@@g§#...#
#..
##########§§§§§#
#.. #.#§§§#
#.##### #.# #.#
..# .#


You could see Terence and a gnoll.

Vanquished Creatures
  A gnoll (D:1)
  2 dart slugs
  2 ball pythons (D:1)
  3 bats
  4 endoplasms (D:1)
  6 goblins (D:1)
  2 hobgoblins (D:1)
  7 jackals (D:1)
  A frilled lizard (D:1)
  3 kobolds
  3 rats (D:1)
34 creatures vanquished.

Notes
Turn   | Place    | Note
-------+----------+-------------------------------------------
     0 | D:1      | cheesebisquit the Ghoul Necromancer began the quest for the
                  | Orb.
     0 | D:1      | Reached XP level 1. HP: 14/14 MP: 2/2
   137 | D:1      | Reached skill level 1 in Fighting
   262 | D:1      | Reached XP level 2. HP: 9/24 MP: 0/3
   719 | D:1      | Reached XP level 3. HP: 12/31 MP: 1/4
  1760 | D:2      | Noticed Terence
  1784 | D:2      | HP: 1/33 [Terence/+0 flail (3)]
  1784 | D:2      | Mangled by a gnoll

Illustrated notes

Levels and vault maps discovered:
D:1:      minmay_arrival_semitransparent, layout_loops_corners
D:2:      layout_rooms, kennysheep_generic_room_4, uniq_terence

Skill      XL: |  1  2 |
---------------+-------+-----
Fighting       | 1 3 |  3.6
Dodging        | |  1.7
Stealth        | |  2.1
Spellcasting   | |  1.7
Necromancy     | |  4.0

Action                     || total
---------------------------++-------
  Melee: Hand axe          ||    62
         Unarmed           ||     2
   Cast: Necrotise         ||    60
    Use: Scroll            ||     2
         Potion            ||     1
 Armour: Robe              ||    15
  Dodge: Dodged            ||    61
